 Dungeon Sprint DCSS version 0.31.0-1-g2c135a0 (webtiles) character file.

Game seed: 10439434777224516219

2469 PurpleRed the Severer (level 9, 0/97 HPs)
             Began as a Minotaur Berserker on Mar 7, 2024.
             Was a High Priest of Trog.
             Slain by a tentacle (5 damage)
             ... attached to a kraken
             ... in the Dungeon (Sprint II: "The Violet Keep of Menkaure").
             The game lasted 00:09:53 (1180 turns).

PurpleRed the Severer (Minotaur Berserker)          Turns: 1180, Time: 00:09:54

Health: 0/97       AC: 19    Str: 29    XL:     9   Next: 26%
Magic:  8/8        EV:  8    Int:  4    God:    Trog [*****.]
Gold:   215        SH:  0    Dex: 10    Spells: 8/8 levels left

rFire   . . .        a - +0 hand axe
rCold   + . .        (no shield)
rNeg    . . .        i - +3 plate armour {rC+}
rPois   .            (helmet restricted)
rElec   .            (no cloak)
rCorr   .            j - +1 pair of gloves of the Circus Animal {Str+3}
SInv    .            (no boots)
Will    .....        (no amulet) Stlth
                     (no ring)
HPRegen 0.00/turn    (no ring)
MPRegen 0.11/turn

%: no teleportation
@: on berserk cooldown, inhibited regen, slowed, very slow
A: horns 2, retaliatory headbutt, inhibited regeneration, persistent drain
a: Renounce Religion, Berserk, Trog's Hand, Brothers in Arms


You were in the Dungeon.
You worshipped Trog.
Trog was extremely pleased with you.
You visited 1 branch You collected 1053 gold pieces.
You spent 838 gold pieces at shops.

Inventory:

Hand Weapons
 a - a +0 hand axe (weapon)
Armour
 b - a +0 animal skin
 i - a +3 plate armour of cold resistance (worn)
 j - the +1 pair of gloves of the Circus Animal (worn) {Str+3}
   (You bought it in a shop in the Dungeon)

   Str+3:     It affects your strength (+3).
Scrolls
 h - 2 scrolls of blinking
Potions
 c - a potion of curing
 d - a potion of heal wounds
 e - a potion of haste
 f - 2 potions of magic
 g - a potion of berserk rage


   Skills:
 + Level 15.4 Fighting
 - Level 18.0 Axes
 - Level 10.0 Armour
 - Level 2.1 Dodging


You had 8 spell levels left.
You didn't know any spells.
Your spell library was empty.

Dungeon Overview and Level Annotations

Branches:
Dungeon (1/1)

Altars:
Cheibriados
Dithmenos
Elyvilon
Fedhas
Gozag
Hepliaklqana
Kikubaaqudgha
Makhleb
Nemelex Xobeh
Okawaru
Qazlal
Ru
Sif Muna
Trog
Uskayaw
Vehumet
Wu Jian
Xom
Yredelemnul
Zin
The Shining One
Jiyva
Lugonu

Shops:
D ?:([=(=:*[!!=*[

Annotations:
D exclusion: oklob plant


Innate Abilities, Weirdness & Mutations

You have a pair of horns on your head.
You reflexively headbutt those who attack you in melee.
You do not regenerate when monsters are visible.
Your health recovers twice as slowly from being drained.


Message History

The tentacle slaps you.
* * * LOW HITPOINT WARNING * * *
Your unstable footing causes you to fumble your attack.
You hit the tentacle.
The tentacle is lightly wounded.
The tentacle barely misses you.
You slash the tentacle!
The tentacle is moderately wounded.
The tentacle barely misses you.
Your unstable footing causes you to fumble your attack.
You completely miss the tentacle. You headbutt the tentacle!
The tentacle is heavily wounded.
The tentacle closely misses you. You furiously retaliate!
You headbutt the tentacle!
Your unstable footing causes you to fumble your attack.
The tentacle slaps you!
* * * LOW HITPOINT WARNING * * *
You slash the tentacle!
The tentacle is almost dead.
The tentacle slaps you but does no damage.
You completely miss the tentacle.
The tentacle is almost dead.
Your unstable footing causes you to fumble your attack.
The tentacle slaps you but does no damage.
You hit the tentacle.
The tentacle is almost dead.
The tentacle slaps you but does no damage.
Your unstable footing causes you to fumble your attack.
You slash the tentacle!
You kill the tentacle!
You feel a strong urge to attack something.
You are no longer berserk.
You are exhausted.
You feel yourself slow down.
A tentacle rises from the water!
The tentacle slaps you but does no damage.
The tentacle slaps you but does no damage.
The tentacle slaps you!
* * * LOW HITPOINT WARNING * * *
The tentacle slaps you.
You die...

#. ### +^### )▓$?!$$[$?▓▓
..# ...####▓?(!"[=[$▓▓ ..##
#..##.#▓)?((!$!$▓▓ #..#
+..#..#▓$)!?(!?!▓▓ #..#
#..#).#▓?$?$!$$)▓▓
'..####.^##†#▓?[[$$(?!▓▓
#§...###...##▓▓▓▓▓▓▓+▓▓▓▓+▓
#..§...~~~~~~~~~@w~~───Xw≈▓
§~.....~#'########+###.ww≈▓
~~~§~..~#....._._#ll~# ≈≈▓
~~~~~~.~#...._._.#l§≈§# ▓
§≈≈~~~§~#..._._._#~§~§≈#
~≈≈≈≈~~~#.._._._.#~§§§§≈
≈§≈§≈≈≈~#._._._._#~~~§~§
≈≈≈###≈§#_._._._.#§§§§≈~
#≈§ #≈≈#._._._..#~


You could see a kraken, 2 tentacles and 3 crocodiles.

Vanquished Creatures
  A merfolk siren (D)
  A yaktaur (D)
  3 polar bears (D)
  A hornet (D)
  2 wyverns (D)
  4 neqoxecs (D)
  2 crocodiles (D)
  4 scorpions (D)
  5 tentacles (D)
23 creatures vanquished.

Vanquished Creatures (others)
  Menkaure (D)
  12 tentacles (D)
13 creatures vanquished.

Grand Total: 36 creatures vanquished

Notes
Turn   | Place    | Note
-------+----------+-------------------------------------------
     0 | D        | PurpleRed the Minotaur Berserker began the quest for the
                  | Orb.
     0 | D        | Reached XP level 1. HP: 19/19 MP: 0/0
     1 | D        | Noticed a scorpion
     1 | D        | Noticed a scorpion
     1 | D        | Noticed a scorpion
     1 | D        | Noticed a scorpion
     7 | D        | Killed a scorpion
     8 | D        | Reached skill level 7 in Axes
     8 | D        | Reached XP level 2. HP: 27/30 MP: 1/1
     8 | D        | Reached XP level 3. HP: 33/37 MP: 2/2
    10 | D        | Killed a scorpion
    11 | D        | Reached skill level 9 in Axes
    11 | D        | Reached XP level 4. HP: 25/47 MP: 3/3
    12 | D        | Killed a scorpion
    12 | D        | Reached ** piety under Trog
    13 | D        | Reached skill level 11 in Axes
    13 | D        | Reached XP level 5. HP: 20/56 MP: 4/4
    14 | D        | Reached skill level 12 in Axes
   182 | D        | Found Etoolayx's Antique Armour Shop.
   182 | D        | Found Ullan's General Store.
   182 | D        | Found Woet's Distillery.
   182 | D        | Found Cepn's Distillery.
   182 | D        | Found Lepif's General Store.
   182 | D        | Found Xitroc's Antique Armour Boutique.
   182 | D        | Found Olalikh's Book Shop.
   182 | D        | Noticed a crocodile
   190 | D        | Killed a crocodile
   191 | D        | Reached XP level 6. HP: 66/66 MP: 5/5
   224 | D        | Killed Menkaure
   239 | D        | Found Jyit's Jewellery Shop.
   240 | D        | Found Ufufouxa's Antique Weapon Shop.
   240 | D        | Found Riame's Jewellery Boutique.
   240 | D        | Noticed a wyvern
   241 | D        | Found Wuong's Jewellery Boutique.
   241 | D        | Noticed a wyvern
   242 | D        | Found Yjuat's Antique Armour Shop.
   242 | D        | Found Gecaiqet's Weapon Boutique.
   242 | D        | Noticed an oklob plant
   242 | D        | Noticed a wyvern
   243 | D        | Found Piliques's Magic Scroll Boutique.
   243 | D        | Found Realut's Book Shoppe.
   244 | D        | Noticed a death yak
   247 | D        | Noticed a redback
   257 | D        | Reached skill level 10 in Fighting
   257 | D        | Reached skill level 13 in Axes
   258 | D        | Noticed a redback
   267 | D        | Bought a scroll of blinking for 75 gold pieces
   287 | D        | Noticed a merfolk siren
   303 | D        | Killed a merfolk siren
   303 | D        | Reached *** piety under Trog
   304 | D        | Reached skill level 15 in Axes
   304 | D        | Reached skill level 5 in Armour
   304 | D        | Reached XP level 7. HP: 60/74 MP: 6/6
   400 | D        | Noticed a neqoxec
   402 | D        | Noticed a neqoxec
   403 | D        | Gained mutation: You have hidden genetic defects. [a
                  | neqoxec]
   404 | D        | Gained mutation: You are dopey. (Int -2) [a neqoxec]
   407 | D        | Noticed a neqoxec
   409 | D        | Killed a neqoxec
   412 | D        | Killed a neqoxec
   413 | D        | Reached skill level 16 in Axes
   416 | D        | Killed a neqoxec
   416 | D        | Reached **** piety under Trog
   417 | D        | Reached XP level 8. HP: 83/83 MP: 5/7
   420 | D        | Noticed an ice statue
   428 | D        | Gained mutation: Your health recovers twice as slowly from
                  | being drained. [hidden defects]
   519 | D        | Reached skill level 17 in Axes
   534 | D        | Gained mutation: You are clumsy. (Dex -2) [hidden defects]
   534 | D        | Lost mutation: You have hidden genetic defects. [hidden
                  | defects expressed]
   544 | D        | Bought a shiny plate armour for 468 gold pieces
   568 | D        | Bought a pair of masterwork gloves for 199 gold pieces
   568 | D        | Identified the +1 pair of gloves of the Circus Animal
                  | {Str+3} (You bought it in a shop in the Dungeon)
   574 | D        | Bought a potion of mutation for 96 gold pieces
   574 | D        | Lost mutation: You are dopey. (Int -2) [potion of mutation]
   574 | D        | Lost mutation: You are clumsy. (Dex -2) [potion of
                  | mutation]
   574 | D        | Gained mutation: You do not regenerate when monsters are
                  | visible. [potion of mutation]
   594 | D        | Found a snail-covered altar of Cheibriados.
   595 | D        | Found a shadowy altar of Dithmenos.
   595 | D        | Found a viscous altar of Jiyva.
   595 | D        | Found a hazy altar of Hepliaklqana.
   596 | D        | Found a white marble altar of Elyvilon.
   596 | D        | Found an ancient bone altar of Kikubaaqudgha.
   596 | D        | Found a sacrificial altar of Ru.
   597 | D        | Found a blossoming altar of Fedhas.
   597 | D        | Found a corrupted altar of Lugonu.
   597 | D        | Found a shimmering blue altar of Sif Muna.
   598 | D        | Found an opulent altar of Gozag.
   598 | D        | Found a burning altar of Makhleb.
   598 | D        | Found a bloodstained altar of Trog.
   599 | D        | Found a sparkling altar of Nemelex Xobeh.
   599 | D        | Found a hide-covered altar of Uskayaw.
   600 | D        | Found an iron altar of Okawaru.
   600 | D        | Found a radiant altar of Vehumet.
   600 | D        | Found a glowing silver altar of Zin.
   601 | D        | Noticed a yaktaur
   601 | D        | Noticed a hornet
   601 | D        | Noticed a polar bear
   601 | D        | Noticed a polar bear
   607 | D        | Killed a polar bear
   615 | D        | Killed a polar bear
   615 | D        | Reached ***** piety under Trog
   618 | D        | Noticed a polar bear
   619 | D        | Killed a hornet
   620 | D        | Reached skill level 18 in Axes
   620 | D        | Reached XP level 9. HP: 93/93 MP: 8/8
   628 | D        | Killed a polar bear
   628 | D        | Killed a yaktaur
   629 | D        | Reached skill level 15 in Fighting
   629 | D        | Reached skill level 10 in Armour
   637 | D        | Found a basalt altar of Yredelemnul.
   638 | D        | Found a shimmering altar of Xom.
   639 | D        | Found a stormy altar of Qazlal.
   639 | D        | Found an ornate altar of the Wu Jian Council.
   639 | D        | Found a glowing golden altar of the Shining One.
   650 | D        | Noticed a kraken
  1180 | D        | Slain by a tentacle

Illustrated notes

Levels and vault maps discovered:
D:        the_violet_keep_of_menkaure [sprint2_stairs_cluster_1,
          sprint2_shoproom, sprint2_temple, sprint2_basic_supplies,
          sprint2_obstacle_2, sprint2_obstacle_4, sprint2_obstacle_7,
          sprint2_obstacle_3, sprint2_obstacle_1, sprint2_timed_cluster_1,
          sprint2_smallroom_cluster_1, sprint2_smallroom_final_cluster_1,
          sprint2_transparent_cluster_1, sprint2_second_timed_cluster_1,
          sprint2_sniper_area_1, sprint2_heavy_combat_area_1,
          sprint2_mutation_trap_area_1, sprint2_forest_area_1,
          sprint2_light_combat_area_1, sprint2_behind_water_1,
          sprint2_near_end_vault_1]

Skill      XL: |  1  2  3  4  5  6  7  8  9 |
---------------+----------------------------+-----
Fighting       | 6 7 8 9 11 12 13 15 | 15.4
Axes           | 7 9 11 12 15 16 18 | 18.0
Armour         | 5 7 9 10 | 10.0
Dodging        | |  2.1

Action                     |  1- 3 |  4- 6 |  7- 9 || total
---------------------------+-------+-------+-------++-------
  Melee: Hand axe          |     6 |    18 |    88 ||   112
         Headbutt          |     1 |     1 |    16 ||    18
         Punch             |       |       |     2 ||     2
 Invoke: Berserk           |     1 |     3 |     5 ||     9
    Use: Potion            |       |       |     1 ||     1
 Armour: Animal skin       |     5 |     6 |     7 ||    18
         Plate armour      |       |       |    65 ||    65
  Dodge: Dodged            |     2 |     5 |    21 ||    28
